 Dungeon Crawl Stone Soup version 0.29-a0-337-g68df138881 (webtiles) character file.

Game seed: 4474020779020607651

3457 Dauddaud the Severer (level 9, -5/72 HPs)
             Began as a Minotaur Berserker on Apr 16, 2022.
             Was an Elder of Trog.
             Killed from afar by a steam dragon (8 damage)
             ... with a ball of steam
             ... on level 8 of the Dungeon.
             The game lasted 00:28:35 (8660 turns).

Dauddaud the Severer (Minotaur Berserker)           Turns: 8660, Time: 00:28:36

Health: -5/72      AC: 14    Str: 27    XL:     9   Next: 78%
Magic:  8/8        EV:  9    Int:  4    God:    Trog [****..]
Gold:   275        SH:  5    Dex:  9    Spells: 8/8 levels left

rFire   . . .      SeeInvis .   q - +1 war axe (flame)
rCold   . . .      Faith    .   (no shield)
rNeg    . . .      Spirit   .   m - +0 chain mail
rPois   .          Reflect  +   (helmet restricted)
rElec   .          Harm     .   Q - +2 cloak
rCorr   .          Rampage  .   H - +0 pair of gloves
Will    .....                   G - +0 pair of boots
Stlth   ..........              f - amulet of reflection
HPRegen 0.22/turn               (no ring)
MPRegen 0.11/turn               (no ring)

@: no status effects
A: horns 2, retaliatory headbutt
a: Renounce Religion, Berserk, Trog's Hand, Brothers in Arms


You were on level 8 of the Dungeon.
You worshipped Trog.
Trog was greatly pleased with you.
You visited 1 branch of the dungeon, and saw 8 of its levels.
You also visited: Ossuary.

You collected 567 gold pieces.
You spent 292 gold pieces at shops.

Inventory:

Hand Weapons
 a - a +0 hand axe
 l - a +0 morningstar
 n - a +0 scythe
 q - a +1 war axe of flaming (weapon)
 u - a +1 dire flail of holy wrath
 y - a +0 spear
Missiles
 J - 3 throwing nets (quivered)
Armour
 b - a +0 animal skin
 e - a +0 cloak
 m - a +0 chain mail (worn)
 G - a +0 pair of boots (worn)
 H - a +0 pair of gloves (worn)
 M - a +0 cloak of willpower
 N - a +2 ring mail of fire resistance
 Q - a +2 cloak (worn)
Jewellery
 f - an amulet of reflection (around neck)
 w - a ring of willpower
 R - a +6 ring of intelligence
Wands
 x - a wand of iceblast (10)
 K - a wand of mindburst (11)
Scrolls
 h - 2 scrolls of amnesia
 o - a scroll of acquirement
 r - a scroll of torment
 s - 4 scrolls of vulnerability
 z - 2 scrolls of magic mapping
 A - a scroll of holy word {unknown}
 B - a scroll of blinking
 C - 2 scrolls of teleportation
 D - 4 scrolls of fear
 L - 2 scrolls of brand weapon {unknown}
 O - a scroll of immolation {unknown}
 P - a scroll of enchant armour {unknown}
Potions
 c - 2 potions of invisibility {unknown}
 d - 2 potions of attraction {unknown}
 g - 2 potions of lignification {unknown}
 i - 9 potions of flight {unknown}
 j - 4 potions of brilliance {unknown}
 k - 9 potions of curing {unknown}
 p - a potion of haste {unknown}
 t - a potion of heal wounds
 v - a potion of berserk rage {unknown}
 E - a potion of degeneration {unknown}
 F - a potion of magic {unknown}
 I - a potion of ambrosia {unknown}
 S - a potion of cancellation {unknown}


   Skills:
 * Level 4.7 Fighting
 - Level 16.0 Axes
 * Level 3.8 Armour
 + Level 2.9 Dodging


You had 8 spell levels left.
You didn't know any spells.
Your spell library was empty.

Dungeon Overview and Level Annotations

Branches:
Dungeon (8/15)             Temple (0/1) D:5            Lair (0/6) D:8
Ossuary (visited)

Altars:
Nemelex Xobeh
Wu Jian
Yredelemnul
The Shining One

Shops:
D:1 ?   D:4 !   D:7 **   D:8 *


Innate Abilities, Weirdness & Mutations

You have a pair of horns on your head.
You reflexively headbutt those who attack you in melee.


Message History

Aim: an electric eel (chance to affect: 72%)
The electric eel struggles to resist.
Your unstable footing causes you to fumble your attack.
The steam dragon closely misses you. You block the steam dragon's attack.
You closely miss the steam dragon. The steam dragon bites you!
The steam dragon closely misses you.
The electric eel shoots out a bolt of lightning at you!
The bolt of electricity hits you.
You fail to use your ability.
The steam dragon closely misses you.
The steam dragon claws you but does no damage.
You closely miss the steam dragon. You slice the steam dragon!!
You burn the steam dragon!
The steam dragon is almost dead.
You block the steam dragon's attack.
The steam dragon claws you but does no damage.
Your unstable footing causes you to fumble your attack.
The steam dragon breathes steam at you. The ball of steam hits you!
You hear a loud, deep croak!
You hit the steam dragon but do no damage.
The steam dragon is almost dead.
You are engulfed in a cloud of scalding steam.
* * * LOW HITPOINT WARNING * * *
Blink to where?
Press: ? - help, Dir - move target, p - electric eel
As you read the scroll of blinking, it crumbles to dust.
The steam dragon breathes steam at you. The ball of steam hits you.
* * * LOW HITPOINT WARNING * * *
You are engulfed in a cloud of scalding steam.
* * * LOW HITPOINT WARNING * * *
The steam dragon bites you.
* * * LOW HITPOINT WARNING * * *
The steam dragon claws you but does no damage.
Okay, then.
You closely miss the steam dragon.
The steam dragon is almost dead.
The steam dragon breathes steam at you. The ball of steam hits you!
You die...

#.# #.....≈≈≈≈..≈
#.# #...§§§≈..≈..
#.# #..≈≈§≈§≈...≈
#.# #...§D≈≈..>..
#.# ##.≈.≈≈≈≈≈....
#.# #....≈≈≈≈.≈.≈≈
#§# #...≈.≈≈≈≈≈≈≈≈
#§# #....≈≈≈≈≈≈≈≈≈
#@###...≈≈..≈≈≈≈≈≈
#.D.........≈≈≈≈≈≈
######.....≈≈≈≈≈≈≈
############


You could see a steam dragon (catching breath).

Vanquished Creatures
  A two-headed ogre (D:5)
  Sigmund (D:2)
  A wyvern (D:7)
  A wraith (D:7)
  A steam dragon (D:3)
  Menkaure (D:4)
  Edmund (D:4)
  A water moccasin (D:7)
  An ice beast (D:5)
  2 orc warriors
  A sky beast (D:6)
  2 ogres
  A kobold brigand (D:5)
  A phantom (D:5)
  2 gnoll sergeants (D:7)
  4 electric eels (D:8)
  6 hounds
  A human zombie (Ossuary)
  2 jellies (D:5)
  Crazy Yiuf (D:4)
  A gnoll shaman (D:5)
  An orc priest (D:7)
  3 iguanas
  Terence (D:2)
  4 orc wizards
  Natasha (twice) (D:2)
  3 mummies (Ossuary)
  13 gnolls
  7 adders
  A shadow imp (D:7)
  2 white imps
  2 worms
  4 dart slugs
  23 orcs
  9 endoplasms
  5 giant cockroaches
  6 hobgoblins
  14 jackals
  A quokka (D:4)
  3 ball pythons
  8 bats
  2 frilled lizards (D:2)
  A gnoll zombie (Ossuary)
  7 goblins
  2 hobgoblin zombies (Ossuary)
  14 kobolds
  7 kobold zombies (Ossuary)
  4 quokka zombies (Ossuary)
  5 rats
  3 rat zombies (Ossuary)
  A butterfly (D:5)
191 creatures vanquished.

Vanquished Creatures (others)
  A goblin (D:3)
1 creature vanquished.

Grand Total: 192 creatures vanquished

Notes
Turn   | Place    | Note
-------+----------+-------------------------------------------
     0 | D:1      | Dauddaud the Minotaur Berserker began the quest for the
                  | Orb.
     0 | D:1      | Reached XP level 1. HP: 19/19 MP: 0/0
   133 | D:1      | Found Xube's Magic Scroll Shoppe.
   186 | D:1      | Reached skill level 4 in Axes
   447 | D:1      | Reached XP level 2. HP: 23/26 MP: 1/1
   815 | D:1      | Reached skill level 5 in Axes
  1015 | D:1      | Reached XP level 3. HP: 31/31 MP: 2/2
  1196 | D:1      | Reached ** piety under Trog
  1559 | D:2      | Noticed Natasha
  1564 | D:2      | Killed Natasha
  1588 | D:2      | Reached skill level 6 in Axes
  1588 | D:2      | Reached XP level 4. HP: 39/39 MP: 3/3
  1828 | D:2      | Noticed Terence
  1842 | D:2      | Killed Terence
  2037 | D:2      | Noticed Natasha
  2042 | D:2      | Killed Natasha
  2192 | D:2      | Noticed Sigmund
  2206 | D:2      | Killed Sigmund
  2207 | D:2      | Reached skill level 8 in Axes
  2207 | D:2      | Reached XP level 5. HP: 42/45 MP: 4/4
  2207 | D:2      | Reached XP level 6. HP: 47/51 MP: 5/5
  2499 | D:3      | Noticed a steam dragon
  2897 | D:3      | Killed a steam dragon
  2898 | D:3      | Reached skill level 9 in Axes
  3377 | D:3      | Reached XP level 7. HP: 57/57 MP: 6/6
  3469 | D:3      | Found a glowing golden altar of the Shining One.
  3563 | D:4      | Noticed Edmund
  3563 | D:4      | Noticed Menkaure
  4011 | D:4      | Reached skill level 10 in Axes
  4045 | D:4      | Reached *** piety under Trog
  4173 | D:4      | Killed Menkaure
  4308 | D:4      | Found Jasubb's Distillery.
  4311 | D:4      | Bought a potion of heal wounds for 60 gold pieces
  4312 | D:4      | Identified a scroll of acquirement
  4338 | D:4      | Killed Edmund
  4339 | D:4      | Reached skill level 11 in Axes
  4690 | D:4      | Found a runed translucent door.
  4691 | D:4      | Noticed Crazy Yiuf
  4752 | D:4      | Killed Crazy Yiuf
  4824 | D:5      | Entered Level 5 of the Dungeon
  5130 | D:5      | Reached XP level 8. HP: 64/64 MP: 7/7
  5245 | D:5      | Found a staircase to the Ecumenical Temple.
  5391 | D:5      | Reached skill level 12 in Axes
  5408 | D:5      | Found a sand-covered staircase.
  5442 | Ossuary  | Entered an ossuary
  5462 | Ossuary  | Reached **** piety under Trog
  5751 | D:5      | Noticed a two-headed ogre
  5755 | D:5      | Killed a two-headed ogre
  5756 | D:5      | Reached skill level 14 in Axes
  5877 | D:5      | Reached XP level 9. HP: 51/70 MP: 8/8
  5988 | D:5      | Found a sparkling altar of Nemelex Xobeh.
  5988 | D:5      | Found a basalt altar of Yredelemnul.
  6341 | D:6      | Found an ornate altar of the Wu Jian Council.
  6397 | D:6      | Found the +6 shillelagh "Devastator" {shatter}
  6825 | D:7      | Reached skill level 15 in Axes
  6929 | D:7      | Found Popoeba's General Store.
  6932 | D:7      | Found Igoutuir's Assorted Antiques.
  6941 | D:7      | Bought a runed cloak for 127 gold pieces
  7696 | D:7      | Reached skill level 16 in Axes
  8095 | D:8      | Found Xiudiax's General Store.
  8244 | D:8      | Bought a scroll of blinking for 105 gold pieces
  8372 | D:8      | Found a staircase to the Lair.
  8659 | D:8      | HP: 3/72 [steam dragon (2)]
  8660 | D:8      | Killed from afar by a steam dragon

Illustrated notes

Levels and vault maps discovered:
D:1:      shiori_arrival_elements, layout_basic, serial_shops,
          nicolae_shop_hallway_plus, item_on_display_a
D:2:      layout_loops_ring, uniq_natasha, uniq_terence, uniq_sigmund
D:3:      layout_rooms, tso_altar
D:4:      layout_loops_cross, serial_shops, kennysheep_mini_moat,
          minmay_stone_trees_small, minmay_crystal_room, minivault_25,
          uniq_edmund, uniq_crazy_yiuf_cottage, uniq_menkaure
D:5:      layout_loops_ring, gammafunk_temple_overflow_wave,
          minmay_temple_entry_butterflies, nicolae_ossuary_entry_false_entrances
D:6:      layout_cave_pools, mainiacjoe_overflow_surrounded_room,
          nicolae_concentric_dashed_squares_wild, minmay_puff
D:7:      layout_rooms, minmay_misc_feat_room, nicolae_wooded_promenade
D:8:      layout_loops_ring, kennysheep_little_box, erik_lair_island,
          serial_shops, shop, grunt_ministairs_5

Skill      XL: |  1  2  3  4  5  6  7  8  9 |
---------------+----------------------------+-----
Axes           | 4 5 6 8 9 11 14 16 | 16.0
Fighting       | 4 |  4.7
Armour         | 3 |  3.8
Dodging        | |  2.9

Action                   |  1- 3 |  4- 6 |  7- 9 || total
-------------------------+-------+-------+-------++-------
Melee: Hand axe          |    61 |    20 |       ||    81
       Headbutt          |     7 |     6 |    38 ||    51
       Punch             |     1 |       |     2 ||     3
       Morningstar       |       |    52 |       ||    52
       War axe           |       |       |   268 ||   268
Invok: Berserk           |       |     4 |     6 ||    10
Evoke: Wand              |       |       |    12 ||    12
  Use: Scroll            |       |       |     9 ||     9
       Potion            |       |       |     1 ||     1
 Stab: Sleeping          |     1 |       |       ||     1
Armor: Animal skin       |    19 |     8 |       ||    27
       Chain mail        |       |    45 |    89 ||   134
Dodge: Dodged            |    39 |    46 |    71 ||   156
Block: Other             |       |    10 |    46 ||    56
       Reflection        |       |     1 |     1 ||     2

Table legend: (Time is in decaauts)
 A = Elapsed time spent in this place.
 B = Non-inter-level travel time spent in this place.
 C = Inter-level travel time spent in this place.
 D = Time resting spent in this place.
 E = Time spent auto-exploring this place.
 F = Levels seen in this place.
 G = Mean time per level.
                   A        B        C        D        E       F      G
               +--------+--------+--------+--------+--------+-----+--------+
         Total |   8745 |   8524 |    221 |   2678 |   4607 |   9 |  971.7 |
       Dungeon |   8532 |   8311 |    221 |   2671 |   4477 |   8 | 1066.5 |
       Ossuary |    213 |    213 |      0 |      7 |    130 |   1 |  213.0 |
               +--------+--------+--------+--------+--------+-----+--------+

Top non-repeatable levels by time:
     D:1: 1443 daAuts
     D:2: 1418 daAuts
     D:4: 1278 daAuts
     D:7: 1275 daAuts
     D:3: 1035 daAuts
     D:5: 899 daAuts
     D:6: 595 daAuts
     D:8: 586 daAuts
 Ossuary: 213 daAuts
